 Dungeon Sprint DCSS version 0.21.1-1-g345015f (webtiles) character file.

17868 Psiloshibe the Barachian Blade (level 12, -2/118 HPs)
             Began as a Barachi Berserker on Apr 28, 2018.
             Was the Champion of Trog.
             Killed from afar by an ice dragon (32 damage)
             ... with a blast of cold
             ... in the Dungeon (Sprint IX: "|||||||||||||||||||||||||||||").
             The game lasted 00:15:41 (2078 turns).

Psiloshibe the Barachian Blade (Barachi Berserker)  Turns: 2078, Time: 00:15:41

Health: -2/118     AC: 25    Str: 21    XL:     12   Next: 52%
Magic:  0/4        EV:  5    Int:  9    God:    Trog [******]
Gold:   149        SH: 28    Dex: 16    Spells: 11/11 levels left

rFire    . . .     SeeInvis .   A - +4 long sword (antimagic)
rCold    . . .     Gourm    .   K - +18 shield of the Gong {rElec rN+ MR+ EV-5}
rNeg     + . .     Faith    .   o - +2 plate armour
rPois    +         Spirit   +   B - +0 helmet
rElec    +         Reflect  .   D - +1 cloak
rCorr    .         Harm     .   C - +0 pair of gloves
MR       +++..     NoTele   +   p - +0 pair of boots {Stlth+}
Stlth    ..........             x - amulet of guardian spirit
HPRegen  1.29/turn              s - +3 ring of strength
MPRegen  0.09/turn              y - ring of poison resistance

@: regenerating, slow
A: +LOS, swims, slowness 1, strong legs 1
a: Hop, Berserk, Trog's Hand, Brothers in Arms, Burn Spellbooks, Renounce
Religion


You were in the Dungeon.
You worshipped Trog.
Trog was exalted by your worship.
You were not hungry.

You visited 1 branch You collected 1900 gold pieces.
You spent 1751 gold pieces at shops.

Inventory:

Hand Weapons
 a - a +5 vampiric triple sword
 b - a +5 antimagic great sword
 r - a +2 scimitar of electrocution
 A - a +4 antimagic long sword (weapon)
 F - a +2 long sword of protection
 I - a +3 antimagic great sword
Missiles
 H - 7 exploding tomahawks (quivered)
 J - 3 javelins of penetration
Armour
 o - a +2 plate armour (worn)
 p - a +0 pair of boots of stealth (worn)
 B - a +0 helmet (worn)
 C - a +0 pair of gloves (worn)
 D - a +1 cloak (worn)
 K - the +18 shield of the Gong (worn) {rElec rN+ MR+ EV-5}
   (You bought it in a shop in the Dungeon)

   It affects your evasion (-5).
   It insulates you from electricity.
   It protects you from negative energy.
   It affects your resistance to hostile enchantments.
Jewellery
 m - an uncursed ring of fire
 n - an uncursed ring of protection from magic
 q - a +2 ring of evasion
 s - a +3 ring of strength (left hand)
 x - an amulet of guardian spirit (around neck)
 y - a ring of poison resistance (right hand)
Wands
 l - a wand of acid (2)
Scrolls
 i - 4 scrolls of blinking
 k - 3 scrolls of remove curse
 u - 3 scrolls of identify
 v - a scroll of fog
 w - 2 scrolls of fear
 E - 6 scrolls of enchant armour
Potions
 d - 8 potions of curing
 e - 2 potions of heal wounds
 f - 2 potions of haste
 g - 4 potions of magic
 h - 2 potions of berserk rage
 j - a potion of invisibility
 z - a potion of degeneration {unknown}
Miscellaneous
 t - a phial of floods
Comestibles
 c - 8 rations


   Skills:
 * Level 18.9 Fighting
 * Level 23.8 Long Blades
 + Level 1.1 Throwing
 * Level 13.2 Armour
 + Level 9.6 Dodging
 + Level 2.4 Stealth
 * Level 4.8 Shields
 + Level 3.0 Evocations


You had 11 spell levels left.
You didn't know any spells.

Dungeon Overview and Level Annotations

Branches:
Dungeon (1/1)

Altars:
Cheibriados
Dithmenos
Elyvilon
Fedhas
Gozag
Hepliaklqana
Kikubaaqudgha
Makhleb
Nemelex Xobeh
Okawaru
Qazlal
Ru
Sif Muna
Trog
Uskayaw
Vehumet
Wu Jian
Xom
Yredelemnul
Zin
The Shining One
Beogh
Jiyva
Lugonu

Shops:
D ?[=[


Innate Abilities, Weirdness & Mutations

Shadows flee at your approach. (+LOS)
You can swim through water.
You cover ground slowly.
You can hop short distances.


Message History

You slash the ice dragon!
The ice dragon is lightly wounded.
The ice dragon bites you.
* * * LOW HITPOINT WARNING * * *
The ice dragon claws you but does no damage.
You block the ice dragon's attack.
BOUMMMMG!
You eat one of the 9 rations.
That ration really hit the spot!
You block the ice dragon's attack.
GONNNNG!
The ice dragon claws you but does no damage.
You block the ice dragon's attack.
GONNNNG!
Unknown command.
Okay, then.
You feel better.
The warg changes into a blink frog!
The ice dragon breathes frost at you.
The blast of cold hits the ice dragon.
The ice dragon resists.
The blast of cold hits you!
You die...

▓.▓.▓.▓.▓(▓.▓.▓
▓.▓.▓∩▓.▓.▓.▓)▓
▓.▓.▓)▓.▓[▓.▓'▓
▓p▓.▓∩▓.▓.▓.▓.▓
▓F▓.▓.▓.▓.▓.▓.▓
▓C▓.▓∩▓.▓.▓.▓[▓
▓D▓.▓.▓.▓.▓.▓.▓
▓D▓.▓∩▓.▓.▓.▓[▓
▓@▓.▓.▓.▓.▓.▓)▓
▓†▓.▓.▓.▓.▓.▓|▓
▓)▓.▓.▓.▓.▓.▓?▓
▓)▓.▓)▓.▓†▓.▓.▓
▓)▓.▓)▓)▓†▓.▓'▓
▓.▓.▓)▓.▓.▓.▓_▓
▓.▓.▓)▓.▓.▓.▓_▓
▓.▓.▓.▓.▓.▓.▓_▓
▓.▓.▓.▓.▓.▓.▓_▓


You could see 2 ice dragons, a stone giant, a wizard and a blink frog shaped
shifter.

Vanquished Creatures
  A fire giant (D)
  A hydra (D)
  A two-headed ogre (D)
  3 orc high priests (D)
  3 death yaks (D)
  A tengu warrior (D)
  Sonja (D)
  5 orc knights (D)
  Psyche (D)
  3 spiny frogs (D)
  A rime drake (D)
  A komodo dragon (D)
  A troll (D)
  A blink frog (D)
  A shadow (D)
  8 yaks (D)
  A basilisk (D)
  Grum (D)
  A water moccasin (D)
  A porcupine (D)
  3 ice beasts (D)
  An ogre (D)
  11 orc warriors (D)
  5 wolves (D)
  A crocodile (D)
  7 bullfrogs (D)
  A wight (D)
  A howler monkey (D)
  A crimson imp (D)
  3 orc priests (D)
  5 orc wizards (D)
  A worker ant (D)
  3 adders (D)
  An adder skeleton (D)
  6 orcs (D)
  A bat skeleton (D)
  A giant cockroach (D)
  A kobold (D)
  A quokka (D)
  A ball python zombie (D)
  A frilled lizard (D)
  2 goblins (D)
  A rat (D)
96 creatures vanquished.

Vanquished Creatures (collateral kills)
  2 orc high priests (D)
  5 orc knights (D)
7 creatures vanquished.

Grand Total: 103 creatures vanquished

Notes
Turn   | Place    | Note
-------+----------+-------------------------------------------
     0 | D        | Psiloshibe the Barachi Berserker began the quest for the Orb.
     0 | D        | Reached XP level 1. HP: 18/18 MP: 1/1
     7 | D        | Reached skill level 4 in Long Blades
     8 | D        | Reached ** piety under Trog
    18 | D        | Noticed an ogre
    18 | D        | Noticed a worker ant
    26 | D        | Killed a worker ant
    26 | D        | Reached *** piety under Trog
    26 | D        | Reached skill level 5 in Fighting
    26 | D        | Reached skill level 5 in Long Blades
    26 | D        | Reached XP level 2. HP: 26/27 MP: 2/2
    26 | D        | Reached XP level 3. HP: 32/33 MP: 3/3
    29 | D        | Reached skill level 6 in Long Blades
    33 | D        | Killed an ogre
    33 | D        | Reached skill level 8 in Long Blades
    33 | D        | Reached XP level 4. HP: 19/44 MP: 4/4
    33 | D        | Reached XP level 5. HP: 21/49 MP: 5/5
   216 | D        | Found a roughly hewn altar of Beogh.
   216 | D        | Found a snail-covered altar of Cheibriados.
   216 | D        | Found a shadowy altar of Dithmenos.
   216 | D        | Found a white marble altar of Elyvilon.
   216 | D        | Found a blossoming altar of Fedhas.
   216 | D        | Found an opulent altar of Gozag.
   216 | D        | Found a hazy altar of Hepliaklqana.
   217 | D        | Found a viscous altar of Jiyva.
   218 | D        | Found an ancient bone altar of Kikubaaqudgha.
   219 | D        | Found a corrupted altar of Lugonu.
   220 | D        | Found a burning altar of Makhleb.
   221 | D        | Found a sparkling altar of Nemelex Xobeh.
   222 | D        | Found an iron altar of Okawaru.
   223 | D        | Found a stormy altar of Qazlal.
   224 | D        | Found a sacrificial altar of Ru.
   225 | D        | Found a deep blue altar of Sif Muna.
   226 | D        | Found a bloodstained altar of Trog.
   227 | D        | Found a hide-covered altar of Uskayaw.
   228 | D        | Found a radiant altar of Vehumet.
   229 | D        | Found an ornate altar of the Wu Jian Council.
   230 | D        | Found a shimmering altar of Xom.
   231 | D        | Found a basalt altar of Yredelemnul.
   232 | D        | Found a glowing silver altar of Zin.
   233 | D        | Found a glowing golden altar of the Shining One.
   280 | D        | Noticed an ice beast
   281 | D        | Reached **** piety under Trog
   284 | D        | Killed an ice beast
   284 | D        | Reached skill level 10 in Long Blades
   284 | D        | Reached skill level 5 in Armour
   284 | D        | Reached XP level 6. HP: 58/58 MP: 6/6
   297 | D        | Reached ***** piety under Trog
   298 | D        | Reached skill level 11 in Long Blades
   321 | D        | Noticed an ice beast
   321 | D        | Noticed a yak
   324 | D        | Killed a yak
   324 | D        | Reached skill level 10 in Fighting
   324 | D        | Reached skill level 12 in Long Blades
   325 | D        | Received a gift from Trog
   325 | D        | Reached XP level 7. HP: 58/67 MP: 7/7
   333 | D        | Reached skill level 13 in Long Blades
   455 | D        | Noticed a spiny frog
   455 | D        | Noticed a yak
   455 | D        | Noticed a spiny frog
   457 | D        | Killed a spiny frog
   457 | D        | Reached skill level 14 in Long Blades
   457 | D        | Reached skill level 5 in Dodging
   457 | D        | Reached XP level 8. HP: 76/76 MP: 2/8
   461 | D        | Killed a yak
   471 | D        | Killed a spiny frog
   471 | D        | Reached skill level 15 in Long Blades
   479 | D        | Received a gift from Trog
   502 | D        | Reached skill level 16 in Long Blades
   502 | D        | Reached XP level 9. HP: 70/85 MP: 6/9
   573 | D        | Noticed a spiny frog
   573 | D        | Noticed a rime drake
   576 | D        | Noticed a seven-headed hydra
   578 | D        | Received a gift from Trog
   585 | D        | Reached skill level 17 in Long Blades
   587 | D        | Killed a rime drake
   590 | D        | Killed a spiny frog
   590 | D        | Reached ****** piety under Trog
   597 | D        | Killed a seven-headed hydra
   597 | D        | Received a gift from Trog
   597 | D        | Reached skill level 18 in Long Blades
   597 | D        | Reached skill level 1 in Evocations
   597 | D        | Reached XP level 10. HP: 22/95 MP: 10/10
   853 | D        | Noticed a death yak
   853 | D        | Noticed a death yak
   853 | D        | Noticed a death yak
   863 | D        | Killed a death yak
   863 | D        | Reached skill level 15 in Fighting
   863 | D        | Reached skill level 10 in Armour
   869 | D        | Killed a death yak
   869 | D        | Reached skill level 19 in Long Blades
   874 | D        | Killed a death yak
   885 | D        | Received a gift from Trog
  1110 | D        | Noticed Psyche
  1120 | D        | Killed Psyche
  1120 | D        | Reached skill level 20 in Long Blades
  1136 | D        | Noticed Sonja
  1143 | D        | Killed Sonja
  1143 | D        | Reached XP level 11. HP: 62/106 MP: 4/12
  1174 | D        | Noticed Grum
  1182 | D        | Killed Grum
  1353 | D        | Received a gift from Trog
  1367 | D        | Received a gift from Trog
  1375 | D        | Reached skill level 1 in Stealth
  1387 | D        | Received a gift from Trog
  1433 | D        | Noticed an orc knight
  1442 | D        | Killed an orc knight
  1453 | D        | Received a gift from Trog
  1463 | D        | Reached skill level 21 in Long Blades
  1537 | D        | Found Azoarrid's Armour Boutique.
  1537 | D        | Noticed an orc knight
  1537 | D        | Noticed an orc knight
  1537 | D        | Noticed an orc knight
  1537 | D        | Noticed an orc high priest
  1537 | D        | Noticed an orc high priest
  1537 | D        | Noticed an orc knight
  1540 | D        | Noticed an orc high priest
  1547 | D        | Noticed an orc knight
  1548 | D        | Killed an orc knight
  1548 | D        | Received a gift from Trog
  1553 | D        | Killed an orc high priest
  1554 | D        | Found Xoasok's Jewellery Shop.
  1555 | D        | Killed an orc high priest
  1557 | D        | Killed an orc knight
  1558 | D        | Noticed a sun demon
  1559 | D        | Noticed an orc high priest
  1563 | D        | Noticed an orc knight
  1564 | D        | Killed an orc knight
  1564 | D        | Reached skill level 22 in Long Blades
  1565 | D        | Found Ripil's Antique Armour Boutique.
  1565 | D        | Noticed an orc knight
  1572 | D        | Killed an orc knight
  1572 | D        | Killed an orc high priest
  1574 | D        | Killed an orc knight
  1574 | D        | Received a gift from Trog
  1576 | D        | HP: 1/109 [orc high priest/divine providence (17)]
  1577 | D        | Killed an orc high priest
  1581 | D        | Killed an orc knight
  1581 | D        | Reached XP level 12. HP: 25/116 MP: 14/14
  1601 | D        | HP: 1/116 [orc knight/bolt (22)]
  1633 | D        | HP: 3/116 [orc knight/bolt (32)]
  1646 | D        | HP: 3/116 [orc knight/bolt (9)]
  1718 | D        | Noticed an orc high priest
  1727 | D        | Killed an orc high priest
  1727 | D        | Reached skill level 23 in Long Blades
  1748 | D        | Found Rehesi's Magic Scroll Shop.
  1768 | D        | Bought the +18 shield of the Gong {rElec rN+ MR+ EV-5} for 1751 gold pieces
  1768 | D        | Found the +18 shield of the Gong {rElec rN+ MR+ EV-5}
  1977 | D        | Noticed a two-headed ogre
  1989 | D        | Reached skill level 1 in Throwing
  1989 | D        | Reached skill level 1 in Shields
  1996 | D        | Noticed a tengu warrior
  1996 | D        | Received a gift from Trog
  1997 | D        | Noticed a fire giant
  2010 | D        | Noticed an ice dragon
  2022 | D        | Noticed an ice dragon
  2034 | D        | Killed a fire giant
  2035 | D        | Killed a two-headed ogre
  2036 | D        | Noticed a stone giant
  2072 | D        | Killed a tengu warrior
  2078 | D        | Killed from afar by an ice dragon

Skill      XL: |  1  2  3  4  5  6  7  8  9 10 11 12 |
---------------+-------------------------------------+-----
Fighting       | 5 7 9 10 11 13 14 16 18 | 18.9
Long Blades    | 5 8 10 12 14 16 18 20 22 23 | 23.8
Armour         | 3 4 5 6 7 8 9 11 12 13 | 13.2
Dodging        | 3 4 5 6 8 9 |  9.6
Evocations     | 1 2 3 |  3.0
Stealth        | 1 2 |  2.4
Throwing       | 1 |  1.1
Shields        | 4 |  4.8

Action                   |  1- 3 |  4- 6 |  7- 9 | 10-12 || total
-------------------------+-------+-------+-------+-------++-------
Melee: Falchion          |    21 |     4 |       |       ||    25
       Scimitar          |       |    16 |    69 |    33 ||   118
       Great sword       |       |       |       |    25 ||    25
       Triple sword      |       |       |       |    90 ||    90
       Long sword        |       |       |       |    92 ||    92
Throw: Javelin           |       |       |       |     3 ||     3
Invok: Trog's Hand       |     1 |       |     2 |     9 ||    12
       Berserk           |     1 |       |       |     2 ||     3
       Brothers in Arms  |       |       |     1 |     2 ||     3
 Abil: Hop               |       |       |     1 |     2 ||     3
Evoke: Wand              |       |       |     6 |     2 ||     8
  Use: Potion            |       |       |       |     4 ||     4
  Eat: Chunk             |       |       |     1 |     8 ||     9
       Ration            |       |       |       |     3 ||     3
Armor: Animal skin       |     1 |       |       |       ||     1
       Ring mail         |       |     3 |    22 |    16 ||    41
       Plate armour      |       |       |       |    14 ||    14
Dodge: Dodged            |    16 |     4 |    46 |    87 ||   153
Block: Shield            |       |       |       |    68 ||    68
       Rpst.: Falchion   |     5 |       |       |       ||     5
       Scimitar          |       |       |    16 |     5 ||    21
       Great sword       |       |       |       |     4 ||     4
       Triple sword      |       |       |       |     5 ||     5
       Long sword        |       |       |       |     1 ||     1
